| TOP OF THE 1ST |
|
Fresno State University Bulldogs batting - Pitching for UCLA Bruins : LHP Daniel McConnell
|
|
Pitching: LHP Daniel McConnell
|
|
|
Batting: RHB Sinfronio Carreon
|
0-0: Swinging Strike 0-1: Ball 1-1: Foul Ball, location: 2F 1-2: Strikes out swinging
|
|
Batting: RHB Sandy Munoz
|
0-0: Ball 1-0: Called Strike 1-1: Ball 2-1: SINGLE (Groundball, 6MD, EV 105.6 MPH)
|
|
Batting: SHB Carlton Stannard
|
0-0: Called Strike 0-1: Foul Ball, location: 2F 0-2: Foul Ball, location: 2F 0-2: Strikes out swinging
|
|
Batting: RHB Danilo Baldia
|
0-0: Ball 1-0: Ball 2-0: Foul Ball, location: 2F 2-1: Fly out, F8 (Flyball, 78M, EV 91.2 MPH)
|
| Top of the 1st over - 0 runs, 1 hit, 0 errors, 1 left on base; Fresno State University 0 - UCLA 0 |
| BOTTOM OF THE 1ST |
|
UCLA Bruins batting - Pitching for Fresno State University Bulldogs : RHP David Grant
|
|
Pitching: RHP David Grant
|
|
|
Batting: LHB Mark Cummings
|
0-0: Ball 1-0: Called Strike 1-1: Ball 2-1: Foul Ball, location: 2F 2-2: Strikes out swinging
|
|
Batting: RHB Melvin Yanes
|
0-0: Ball 1-0: Called Strike 1-1: Ball 2-1: Fly out, F7 (Line Drive, 7LM, EV 89.4 MPH)
|
|
Batting: RHB Andy Knerr
|
0-0: Foul Ball, location: 2F 0-1: Fly out, F9 (Flyball, 89XD, EV 99.4 MPH)
|
| Bottom of the 1st over - 0 runs, 0 hits, 0 errors, 0 left on base; Fresno State University 0 - UCLA 0 |
| TOP OF THE 2ND |
|
Fresno State University Bulldogs batting - Pitching for UCLA Bruins : LHP Daniel McConnell
|
|
Batting: LHB Ollie Strauss
|
0-0: Called Strike 0-1: Ball 1-1: Ball 2-1: Swinging Strike 2-2: Ball 3-2: Base on Balls
|
|
Batting: RHB Tony Nowak
|
0-0: Ball 1-0: Swinging Strike 1-1: Ball 2-1: Foul Ball, location: 2F 2-2: Fielders Choice at 2nd, 4-6 (Groundball, 4S, EV 88.8 MPH)
|
|
Batting: LHB Moktar Ame
|
0-0: Ball 1-0: Foul Ball, location: 2F 1-1: Ball Tony Nowak steals 2nd base (no throw) 2-1: DOUBLE (Groundball, 5L, EV 110.6 MPH) Tony Nowak scores
|
|
Batting: RHB Ryan Roberts
|
0-0: Called Strike 0-1: Foul Ball, location: 2F 0-2: Ball 1-2: Ball 2-2: Fly out, F8 (Line Drive, 8RD, EV 85.6 MPH)
|
|
Batting: RHB Greg Meyer
|
0-0: Reached on error, E5 (Groundball, 56, EV 81.9 MPH) Moktar Ame scores
|
|
Batting: RHB Sinfronio Carreon
|
0-0: Ball 1-0: Foul Ball, location: 2F 1-1: Ball 2-1: SINGLE (Groundball, 4D, EV 105.0 MPH) Greg Meyer to third Runner from 3rd tries for Home, SAFE, throw by RF to home
|
|
Batting: RHB Sandy Munoz
|
0-0: Ball 1-0: Swinging Strike 1-1: Called Strike 1-2: Ball 2-2: Ball 3-2: DOUBLE (Line Drive, 3D, EV 97.5 MPH) Sinfronio Carreon to third Sinfronio Carreon scores
|
|
Batting: SHB Carlton Stannard
|
0-0: Ball 1-0: Called Strike 1-1: Ball 2-1: Swinging Strike 2-2: Strikes out swinging
|
| Top of the 2nd over - 4 runs, 3 hits, 1 error, 1 left on base; Fresno State University 4 - UCLA 0 |
| BOTTOM OF THE 2ND |
|
UCLA Bruins batting - Pitching for Fresno State University Bulldogs : RHP David Grant
|
|
Batting: RHB Ethan Krause
|
0-0: Called Strike 0-1: Ball 1-1: Ball 2-1: Ball 3-1: Called Strike 3-2: Strikes out swinging
|
|
Batting: SHB Sean Munns
|
0-0: Ball 1-0: Fly out, F6 (Flyball, 6D, EV 84.4 MPH)
|
|
Batting: RHB Issac Konol
|
0-0: Fly out, F3 (Popup, 3F, EV 81.2 MPH)
|
| Bottom of the 2nd over - 0 runs, 0 hits, 0 errors, 0 left on base; Fresno State University 4 - UCLA 0 |
| TOP OF THE 3RD |
|
Fresno State University Bulldogs batting - Pitching for UCLA Bruins : LHP Daniel McConnell
|
|
Batting: RHB Danilo Baldia
|
0-0: DOUBLE (Line Drive, 78D, EV 115.0 MPH)
|
|
Batting: LHB Ollie Strauss
|
0-0: Ball 1-0: Called Strike 1-1: Fly out, F8 (Flyball, 8RXD, EV 103.8 MPH) Runner from 2nd tags up, SAFE at 3rd, no throw by CF
|
|
Batting: RHB Tony Nowak
|
0-0: Foul Ball, location: 2F 0-1: Ball 1-1: Called Strike 1-2: SINGLE (Flyball, 89S, EV 95.0 MPH) Danilo Baldia scores
|
|
Pitching: RHP Carlos Rodriguez
|
|
|
Batting: LHB Moktar Ame
|
0-0: Ball 1-0: Ball 2-0: Ball 3-0: Base on Balls Tony Nowak to second
|
|
Batting: RHB Ryan Roberts
|
0-0: Foul Ball, location: 2F 0-1: Ball 1-1: Swinging Strike 1-2: Foul Ball, location: 2F 1-2: Fly out, F9 (Flyball, 9LS, EV 91.9 MPH)
|
|
Batting: RHB Greg Meyer
|
0-0: Called Strike 0-1: Ball 1-1: Foul Ball, location: 2F 1-2: Strikes out swinging
|
| Top of the 3rd over - 1 run, 2 hits, 0 errors, 2 left on base; Fresno State University 5 - UCLA 0 |
| BOTTOM OF THE 3RD |
|
UCLA Bruins batting - Pitching for Fresno State University Bulldogs : RHP David Grant
|
|
Batting: LHB Scott Mullett
|
0-0: Called Strike 0-1: Fly out, F7 (Flyball, 7S, EV 94.4 MPH)
|
|
Batting: RHB Michael Alvarado
|
0-0: Foul Ball, location: 2F 0-1: Called Strike 0-2: Ball 1-2: Strikes out swinging
|
|
Batting: RHB Pete Devaux
|
0-0: Called Strike 0-1: Ground out 5-3 (Groundball, 56, EV 103.8 MPH)
|
| Bottom of the 3rd over - 0 runs, 0 hits, 0 errors, 0 left on base; Fresno State University 5 - UCLA 0 |
| TOP OF THE 4TH |
|
Fresno State University Bulldogs batting - Pitching for UCLA Bruins : RHP Carlos Rodriguez
|
|
Batting: RHB Sinfronio Carreon
|
0-0: Ball 1-0: Ball 2-0: Called Strike 2-1: Foul Ball, location: 2F 2-2: Ball 3-2: Base on Balls
|
|
Batting: RHB Sandy Munoz
|
0-0: Ball 1-0: Swinging Strike 1-1: Ball 2-1: Ball 3-1: Fly out, F7 (Line Drive, 78S, EV 91.2 MPH)
|
|
Batting: SHB Carlton Stannard
|
0-0: Ball 1-0: Called Strike 1-1: Called Strike Sinfronio Carreon steals 2nd base 1-2: Ball 2-2: Fly out, F4 (Popup, 4S, EV 69.4 MPH)
|
|
Pitching: LHP Joe Landgraff
|
|
|
Batting: RHB Danilo Baldia
|
0-0: Called Strike 0-1: Fly out, F9 (Flyball, 9S, EV 91.9 MPH)
|
| Top of the 4th over - 0 runs, 0 hits, 0 errors, 1 left on base; Fresno State University 5 - UCLA 0 |
| BOTTOM OF THE 4TH |
|
UCLA Bruins batting - Pitching for Fresno State University Bulldogs : RHP David Grant
|
|
Batting: LHB Mark Cummings
|
0-0: Called Strike 0-1: Ball 1-1: Ball 2-1: Fly out, F9 (Line Drive, 89S, EV 93.1 MPH)
|
|
Batting: RHB Melvin Yanes
|
0-0: Foul Ball, location: 2F 0-1: Fly out, F9 (Flyball, 9, EV 91.9 MPH)
|
|
Batting: RHB Andy Knerr
|
0-0: Swinging Strike 0-1: Fly out, F8 (Flyball, 8LD, EV 81.9 MPH)
|
| Bottom of the 4th over - 0 runs, 0 hits, 0 errors, 0 left on base; Fresno State University 5 - UCLA 0 |
| TOP OF THE 5TH |
|
Fresno State University Bulldogs batting - Pitching for UCLA Bruins : LHP Joe Landgraff
|
|
Batting: LHB Ollie Strauss
|
0-0: Ground out U3 (Groundball, 34S, EV 83.1 MPH)
|
|
Batting: RHB Tony Nowak
|
0-0: Called Strike 0-1: Called Strike 0-2: Foul Ball, location: 2F 0-2: Foul Ball, location: 2F 0-2: Ball 1-2: Foul Ball, location: 2F 1-2: Ball 2-2: Foul Ball, location: 2F 2-2: Ground out 6-3 (Groundball, 6, EV 90.6 MPH)
|
|
Batting: LHB Moktar Ame
|
0-0: Reached on error, E5 (Groundball, 56, EV 98.8 MPH)
|
|
Batting: RHB Ryan Roberts
|
0-0: Ball 1-0: Ball 2-0: Ball 3-0: Base on Balls Moktar Ame to second
|
|
Batting: RHB Greg Meyer
|
0-0: Called Strike 0-1: Ball 1-1: Foul Ball, location: 2F 1-2: DOUBLE (Line Drive, 89D, EV 112.5 MPH) Moktar Ame scores Ryan Roberts to third Runner from 3rd tries for Home, SAFE, throw by CF to trailing runner, SAFE at third!
|
|
Batting: RHB Sinfronio Carreon
|
0-0: Foul Ball, location: 2F 0-1: Ball 1-1: Ball 2-1: Called Strike 2-2: Strikes out looking
|
| Top of the 5th over - 2 runs, 1 hit, 1 error, 1 left on base; Fresno State University 7 - UCLA 0 |
| BOTTOM OF THE 5TH |
|
UCLA Bruins batting - Pitching for Fresno State University Bulldogs : RHP David Grant
|
|
Batting: RHB Ethan Krause
|
0-0: Ball 1-0: Foul Ball, location: 2F 1-1: SOLO HOME RUN (Flyball, 7D, EV 96.2 MPH), Distance : 376 ft
|
|
Batting: SHB Sean Munns
|
0-0: Ball 1-0: Ball 2-0: Ball 3-0: Called Strike 3-1: Called Strike 3-2: Fly out, F7 (Flyball, 7LS, EV 88.1 MPH)
|
|
Batting: RHB Issac Konol
|
0-0: Fly out, F8 (Line Drive, 8RXD, EV 98.8 MPH)
|
|
Batting: LHB Scott Mullett
|
0-0: Swinging Strike 0-1: Ball 1-1: Swinging Strike 1-2: Ground out U3 (Groundball, 34, EV 107.5 MPH)
|
| Bottom of the 5th over - 1 run, 1 hit, 0 errors, 0 left on base; Fresno State University 7 - UCLA 1 |
| TOP OF THE 6TH |
|
Fresno State University Bulldogs batting - Pitching for UCLA Bruins : LHP Joe Landgraff
|
|
Batting: RHB Sandy Munoz
|
0-0: Ball 1-0: Ground out 4-3 (Groundball, 34D, EV 108.1 MPH)
|
|
Batting: SHB Carlton Stannard
|
0-0: Ball 1-0: Foul Ball, location: 2F 1-1: Hit by Pitch
|
|
Batting: RHB Danilo Baldia
|
0-0: Foul Ball, location: 2F 0-1: Called Strike 0-2: Ball 1-2: Foul Ball, location: 2F 1-2: Fly out, F7 (Flyball, 7D, EV 102.5 MPH)
|
|
Batting: LHB Ollie Strauss
|
0-0: Called Strike 0-1: Swinging Strike 0-2: Foul Ball, location: 2F 0-2: Foul Ball, location: 2F 0-2: Ball 1-2: Fly out, F7 (Line Drive, 78S, EV 101.9 MPH)
|
| Top of the 6th over - 0 runs, 0 hits, 0 errors, 1 left on base; Fresno State University 7 - UCLA 1 |
| BOTTOM OF THE 6TH |
|
UCLA Bruins batting - Pitching for Fresno State University Bulldogs : RHP David Grant
|
|
Batting: RHB Michael Alvarado
|
0-0: Called Strike 0-1: Called Strike 0-2: Ball 1-2: Ball 2-2: Ground out 3-1 (Groundball, 34, EV 83.8 MPH)
|
|
Batting: RHB Pete Devaux
|
0-0: Ball 1-0: Fly out, F7 (Line Drive, 78S, EV 86.2 MPH)
|
|
Batting: LHB Mark Cummings
|
0-0: Ball 1-0: Ball 2-0: Called Strike 2-1: Ball 3-1: Foul Ball, location: 2F 3-2: SINGLE (Line Drive, 8RS, EV 103.1 MPH)
|
|
Batting: RHB Melvin Yanes
|
0-0: Called Strike 0-1: Ball 1-1: Swinging Strike 1-2: Fly out, F9 (Line Drive, 9, EV 86.2 MPH)
|
| Bottom of the 6th over - 0 runs, 1 hit, 0 errors, 1 left on base; Fresno State University 7 - UCLA 1 |
| TOP OF THE 7TH |
|
Fresno State University Bulldogs batting - Pitching for UCLA Bruins : LHP Joe Landgraff
|
|
Pitching: RHP Juan Zatarain
|
|
|
Batting: RHB Tony Nowak
|
0-0: Called Strike 0-1: Ball 1-1: Ball 2-1: Ball 3-1: Called Strike 3-2: Foul Ball, location: 2F 3-2: Foul Ball, location: 2F 3-2: Strikes out looking
|
|
Batting: LHB Moktar Ame
|
0-0: Called Strike 0-1: Foul Ball, location: 2F 0-2: Ground out U3 (Groundball, 3S, EV 71.2 MPH)
|
|
Batting: RHB Ryan Roberts
|
0-0: Ball 1-0: Ball 2-0: Ball 3-0: Base on Balls
|
|
Batting: RHB Greg Meyer
|
0-0: Called Strike 0-1: Ball 1-1: Ball 2-1: Ball 3-1: Foul Ball, location: 2F 3-2: Base on Balls Ryan Roberts to second
|
|
Pitching: RHP Cyrano Papadoupolos
|
|
|
Batting: RHB Sinfronio Carreon
|
0-0: Ball 1-0: Called Strike 1-1: Ball 2-1: Fielders Choice at 2nd, 5-4 (Groundball, 56, EV 107.5 MPH)
|
| Top of the 7th over - 0 runs, 0 hits, 0 errors, 2 left on base; Fresno State University 7 - UCLA 1 |
| BOTTOM OF THE 7TH |
|
UCLA Bruins batting - Pitching for Fresno State University Bulldogs : RHP David Grant
|
|
Batting: RHB Andy Knerr
|
0-0: Ball 1-0: Foul Ball, location: 2F 1-1: Foul Ball, location: 2F 1-2: Foul Ball, location: 2F 1-2: Ball 2-2: Foul Ball, location: 2F 2-2: Strikes out swinging
|
|
Batting: RHB Ethan Krause
|
0-0: Called Strike 0-1: Ball 1-1: Ball 2-1: Foul Ball, location: 2F 2-2: Ground out 5-3 (Groundball, 56S, EV 89.4 MPH)
|
|
Batting: SHB Sean Munns
|
0-0: Foul Ball, location: 2F 0-1: Foul Ball, location: 2F 0-2: Ball 1-2: Ball 2-2: Ball 3-2: Strikes out swinging
|
| Bottom of the 7th over - 0 runs, 0 hits, 0 errors, 0 left on base; Fresno State University 7 - UCLA 1 |
| TOP OF THE 8TH |
|
Fresno State University Bulldogs batting - Pitching for UCLA Bruins : RHP Cyrano Papadoupolos
|
|
Batting: RHB Sandy Munoz
|
0-0: Called Strike 0-1: SOLO HOME RUN (Flyball, 7D, EV 97.5 MPH), Distance : 372 ft
|
|
Pinch Hitting: RHB Brian Travaglio
|
0-0: Ground out 5-3 (Groundball, 5, EV 82.5 MPH)
|
|
Batting: RHB Danilo Baldia
|
0-0: Foul Ball, location: 2F 0-1: Ball 1-1: Foul Ball, location: 2F 1-2: Ball 2-2: Strikes out looking
|
|
Batting: LHB Ollie Strauss
|
0-0: Ball 1-0: Called Strike 1-1: Foul Ball, location: 2F 1-2: Fly out, F8 (Flyball, 8RM, EV 91.9 MPH)
|
| Top of the 8th over - 1 run, 1 hit, 0 errors, 0 left on base; Fresno State University 8 - UCLA 1 |
| BOTTOM OF THE 8TH |
|
UCLA Bruins batting - Pitching for Fresno State University Bulldogs : RHP David Grant
|
|
Pitching: RHP Brent Liss
|
|
|
Now at 1B: Abraham Batista
|
|
|
Batting: RHB Issac Konol
|
0-0: Ball 1-0: Foul Ball, location: 2F 1-1: Ball 2-1: Called Strike 2-2: Strikes out swinging
|
|
Batting: LHB Scott Mullett
|
0-0: Ball 1-0: Called Strike 1-1: Called Strike 1-2: Ball 2-2: Ball 3-2: Base on Balls
|
|
Batting: RHB Michael Alvarado
|
0-0: Ball 1-0: Ball 2-0: Ball 3-0: Called Strike 3-1: Called Strike 3-2: Fly out, F7 (Flyball, 7, EV 86.9 MPH)
|
|
Pinch Hitting: LHB Dave Hutchison
|
0-0: Called Strike 0-1: Ball 1-1: Ball 2-1: Ball 3-1: Foul Ball, location: 2F 3-2: Strikes out swinging
|
| Bottom of the 8th over - 0 runs, 0 hits, 0 errors, 1 left on base; Fresno State University 8 - UCLA 1 |
| TOP OF THE 9TH |
|
Fresno State University Bulldogs batting - Pitching for UCLA Bruins : RHP Cyrano Papadoupolos
|
|
Now at 3B: Steve Fouhy
|
|
|
Batting: RHB Tony Nowak
|
0-0: Called Strike 0-1: Foul Ball, location: 2F 0-2: Ball 1-2: Fly out, F6 (Popup, 4MD, EV 41.9 MPH)
|
|
Batting: LHB Moktar Ame
|
0-0: Called Strike 0-1: Foul Ball, location: 2F 0-2: Ground out 4-3 (Groundball, 4, EV 108.1 MPH)
|
|
Batting: RHB Ryan Roberts
|
0-0: Foul Ball, location: 2F 0-1: SINGLE (Groundball, 6D, EV 103.1 MPH)
|
|
Batting: RHB Greg Meyer
|
0-0: DOUBLE (Line Drive, 5D, EV 96.2 MPH) Ryan Roberts to third Runner from 3rd tries for Home, SAFE, no throw by LF
|
|
Batting: RHB Sinfronio Carreon
|
0-0: Foul Ball, location: 2F 0-1: Ball 1-1: Called Strike 1-2: Ball 2-2: Foul Ball, location: 2F 2-2: Fly out, F7 (Flyball, 78S, EV 89.4 MPH)
|
| Top of the 9th over - 1 run, 2 hits, 0 errors, 1 left on base; Fresno State University 9 - UCLA 1 |
| BOTTOM OF THE 9TH |
|
UCLA Bruins batting - Pitching for Fresno State University Bulldogs : RHP Brent Liss
|
|
Batting: LHB Mark Cummings
|
0-0: Foul Ball, location: 2F 0-1: Swinging Strike 0-2: Ball 1-2: Ball 2-2: Ground out 4-3 (Groundball, 4, EV 90.0 MPH)
|
|
Pinch Hitting: LHB Young-lau Seow
|
0-0: Ball 1-0: Ball 2-0: Swinging Strike 2-1: Called Strike 2-2: Foul Ball, location: 2F 2-2: Foul Ball, location: 2F 2-2: Fly out, F8 (Flyball, 8RD, EV 105.0 MPH)
|
|
Batting: RHB Andy Knerr
|
0-0: Called Strike 0-1: Foul Ball, location: 2F 0-2: Ball 1-2: Fly out, F6 (Popup, 6MS, EV 68.1 MPH)
|
| Bottom of the 9th over - 0 runs, 0 hits, 0 errors, 0 left on base; Fresno State University 9 - UCLA 1 |
|